 Dungeon Crawl Stone Soup version 0.30.1-4-g462c640d31 (webtiles) character file.

Game seed: 2468360232987667356

8023 monsoonserge the Thaumaturge (level 11, -7/65 HPs)
             Began as a Djinni Fire Elementalist on Sept 13, 2023.
             Was an Initiate of Gozag.
             Killed by divine providence
             ... invoked by an orc priest
              (12 damage)
             ... on level 11 of the Dungeon.
             The game lasted 00:57:33 (11439 turns).

monsoonserge the Thaumaturge (DjFE)                Turns: 11439, Time: 00:57:34

Health: -7/65      AC: 15    Str: 10    XL:     11   Next: 48%
Gold:   704        EV: 12    Int: 20    God:    Gozag SH:  7 Dex: 15

rFire   + + .        R - +1 rapier "Plog" {speed, rElec rN++ Str+3}
rCold   . . .        K - +2 buckler {AC+3}
rNeg    + + .        P - +1 leather armour {Will+}
rPois   ∞            D - +2 hat
rElec   +            m - +0 cloak
rCorr   .            f - +0 pair of gloves
SInv    .            (boots unavailable)
Will    ++...        (no amulet)
Stlth   ++           w - ring of protection from cold
HPRegen 0.30/turn    l - +4 ring of protection
MPRegen 0.00/turn

%: infuse magic (-8 HP)
@: gold aura, flying
A: sickness immunity, fire resistance 2, cold vulnerability 1, float, innate
caster, HP casting, extra vitality 1
a: Renounce Religion, Potion Petition, Call Merchant, Bribe Branch


You were on level 11 of the Dungeon.
You worshipped Gozag.
Gozag was pleased with you.
You visited 2 branches of the dungeon, and saw 12 of its levels.
You also visited: Sewer.

You collected 1298 gold pieces.
You spent 217 gold pieces at shops.
You paid 377 gold pieces to Gozag.

Inventory:

Hand Weapons
 p - the +3 dagger of the Cursing Queen {freeze, rElec rF+ SInv}
   (You found it on level 2 of the Dungeon)

   rF:        It protects you from fire.
   rElec:     It insulates you from electricity.
   SInv:      It lets you see invisible.
 Q - the +5 falchion "Hycapifu" {flame, rC+}
   (You found it on level 9 of the Dungeon)

   rC:        It protects you from cold.
 R - the +1 rapier "Plog" (weapon) {speed, rElec rN++ Str+3}
   (You took it off a kobold on level 10 of the Dungeon)

   Str:       It affects your strength (+3).
   rElec:     It insulates you from electricity.
   rN:        It greatly protects you from negative energy.
Missiles
 d - 20 poisoned darts (quivered)
 g - 4 atropa-tipped darts
 s - a curare-tipped dart
 O - a throwing net
Armour
 f - a +0 pair of gloves (worn)
 m - a +0 cloak (worn)
 n - a +0 tower shield
 r - a +1 leather armour of cold resistance
 D - a +2 hat (worn)
 H - a +2 ring mail of fire resistance
 K - a +2 buckler of protection (worn)
 P - a +1 leather armour of willpower (worn)
Magical Staves
 J - a staff of cold
Jewellery
 j - a +4 ring of slaying
 l - a +4 ring of protection (right hand)
 w - a ring of protection from cold (left hand)
 C - a ring of see invisible
Wands
 A - a wand of roots (12)
 B - a wand of mindburst (16)
 F - a wand of quicksilver (5)
 I - a wand of polymorph (18)
Scrolls
 a - a scroll of silence {unknown}
 b - 4 scrolls of poison
 c - 2 scrolls of magic mapping
 i - 3 scrolls of vulnerability {unknown}
 k - 2 scrolls of blinking
 u - 2 scrolls of enchant armour {unknown}
 x - 2 scrolls of immolation
 y - a scroll of butterflies
 L - 2 scrolls of enchant weapon {unknown}
Potions
 e - 7 potions of curing {unknown}
 o - a potion of berserk rage {unknown}
 q - 3 potions of lignification {unknown}
 v - a potion of ambrosia {unknown}
 z - 2 potions of resistance {unknown}
 E - 2 potions of brilliance {unknown}
 M - a potion of cancellation {unknown}
 N - 2 potions of haste {unknown}


   Skills:
 + Level 0.2 Fighting
 + Level 1.0 Throwing
 + Level 4.0 Armour
 + Level 3.1 Dodging
 - Level 2.0 Stealth
 + Level 3.0 Shields
 * Level 12.5 Spellcasting


You knew the following spells:

 Your Spells              Type           Power      Damage    Failure   Level
a - Foxfire               Conj/Fire      100%       2x1d9     1%          1
b - Scorch                Fire           100%       2d9       1%          2
c - Volatile Blastmotes   Fire/Tloc      100%       2d18      1%          3
d - Inner Flame           Hex/Fire       58%        N/A       1%          3
e - Flame Wave            Conj/Fire      58%        2d14      1%          4
f - Freeze                Ice            100%       1d10      1%          1
g - Momentum Strike       Conj/Tloc      100%       3d10      1%          2
h - Tukima's Dance        Hex            58%        N/A       1%          3
i - Dispel Undead         Necr           58%        3d21      1%          4
j - Fireball              Conj/Fire      29%        3d13      1%          5
Your spell library was empty.

Dungeon Overview and Level Annotations

Branches:
Dungeon (11/15)            Temple (1/1) D:6           Sewer (visited)
   Lair: D:8-11         Orc: D:9-12

Altars:
Ashenzari
Cheibriados
Dithmenos
Elyvilon
Fedhas
Gozag
Hepliaklqana
Makhleb
Nemelex Xobeh
Okawaru
Qazlal
Ru
Trog
Uskayaw
Wu Jian
Xom
Yredelemnul
Zin
The Shining One

Shops:
D:9 *


Innate Abilities, Weirdness & Mutations

You are immune to sickness and miasma.
You are immune to poison.
Your flesh is very heat resistant. (rF++)
You are vulnerable to cold. (rC-)
You float through the air rather than walking.
You learn spells naturally, not from books.
Your magical power is your life essence.
You have superior vitality. (+4 MHP)


Message History

You conjure some foxfire!
The orc priest begins to cast a cantrip, but forgets the words!
The foxfire hits the orc priest.
The orc priest is lightly wounded.
Unknown command.
Casting: Foxfire (safe; 1% risk of failure)
Confirm with . or Enter, or press ? or * to list all spells.
You conjure some foxfire!
The foxfire hits the orc priest.
The orc priest is moderately wounded.
The orc priest invokes the aid of Beogh against you.
Beogh smites you!
* * * LOW HITPOINT WARNING * * *
Casting: Foxfire (safe; 1% risk of failure)
Confirm with . or Enter, or press ? or * to list all spells.
Okay, then.
An orc priest comes into view. It is wielding a +0 falchion.
The foxfire hits the orc priest.
The orc priest is heavily wounded.
The foxfire hits the orc priest.
The orc priest is almost dead.
The foxfire hits the orc priest!
You kill the orc priest!
Casting: Foxfire (safe; 1% risk of failure)
Confirm with . or Enter, or press ? or * to list all spells.
You conjure some foxfire!
* * * LOW HITPOINT WARNING * * *
Your foxfire dissipates!
Unknown command.
Casting: Foxfire (safe; 1% risk of failure)
Confirm with . or Enter, or press ? or * to list all spells.
You conjure some foxfire!
* * * LOW HITPOINT WARNING * * *
The foxfire hits the orc priest!
The orc priest is heavily wounded.
The foxfire hits the orc priest.
The orc priest is almost dead.
The orc priest mumbles some strange prayers to Beogh against you.
Beogh smites you!
You die...
Your body crumbles into a pile of gold.

#.# ###.# #.# ###'#####
#.## #.# #.......# #..#
##'### #.#######
########)## #..... #.
#.........######..).. #
#.........#.)))).))..
###......).(#.####.)...
###.o.§§§v....'.#
#>.)..
#..#####@v....###
#..))< +.## ########
#..).. #..# ###'##
##..o $ #...#


##ooo #.### #### #.# #####.#### #......... #......... You could see an orc
priest (ally target).

Vanquished Creatures
  A two-headed ogre (D:11)
  A boulder beetle (D:11)
  A cyclops (D:11)
  Prince Ribbit (D:8)
  2 wyverns
  7 yaks (D:10)
  A vampire (D:8)
  A wraith (D:11)
  3 vampire mosquitoes (D:11)
  Menkaure (D:6)
  A water moccasin (D:8)
  5 orc warriors
  2 sky beasts
  2 black bears
  An ogre (D:7)
  A phantom (D:5)
  2 kobold brigands
  2 bullfrogs (D:8)
  4 gnoll sergeants
  4 wights (D:9)
  12 killer bees
  An electric eel (D:6)
  6 howler monkeys
  2 jellies
  10 orc priests
  3 hounds
  A gnoll bouda (D:7)
  2 sleepcaps
  Crazy Yiuf (D:2)
  6 iguanas
  14 orc wizards
  13 adders
  23 gnolls
  3 river rats (Sewer)
  3 ufetubi
  A worm (D:5)
  14 dart slugs
  61 orcs
  2 ball pythons (D:4)
  4 endoplasms
  4 giant cockroaches
  4 goblins
  7 hobgoblins
  2 jackals
  3 quokkas
  6 bats
  5 frilled lizards
  16 kobolds
  11 rats
283 creatures vanquished.

Vanquished Creatures (others)
  2 dancing weapons
  281 foxfires
283 creatures vanquished.

Grand Total: 566 creatures vanquished

Notes
Turn   | Place    | Note
-------+----------+-------------------------------------------
     0 | D:1      | monsoonserge the Djinni Fire Elementalist began the quest
                  | for the Orb.
     0 | D:1      | monsoonserge set off with the following spells memorised:
                  | Foxfire, Scorch, Volatile Blastmotes, Inner Flame, Flame
                  | Wave.
     0 | D:1      | Reached XP level 1. HP: 15/15 MP: 0/0
    59 | D:1      | Reached XP level 2. HP: 19/21 MP: 0/0
   375 | D:1      | Reached skill level 3 in Spellcasting
   716 | D:2      | Reached XP level 3. HP: 21/25 MP: 0/0
   716 | D:2      | Learned a level 1 spell: Freeze
   848 | D:2      | Found a runed translucent door.
   849 | D:2      | Noticed Crazy Yiuf
   958 | D:2      | Found a faded altar of an unknown god.
  1198 | D:2      | Identified the +3 dagger of the Cursing Queen {freeze,
                  | rElec rF+ SInv}
  1362 | D:2      | Reached XP level 4. HP: 28/31 MP: 0/0
  1576 | D:2      | Killed Crazy Yiuf
  1614 | D:3      | Reached XP level 5. HP: 29/35 MP: 0/0
  1614 | D:3      | Learned a level 2 spell: Momentum Strike
  1652 | D:2      | Reached skill level 4 in Spellcasting
  1653 | D:2      | Reached skill level 1 in Throwing
  1818 | D:3      | Found a glowing drain.
  1968 | Sewer    | Entered a sewer
  1973 | Sewer    | Reached XP level 6. HP: 33/40 MP: 0/0
  2049 | Sewer    | Reached skill level 5 in Spellcasting
  2073 | Sewer    | Found a glowing silver altar of Zin.
  2795 | D:4      | Reached XP level 7. HP: 40/45 MP: 0/0
  2795 | D:4      | Learned a level 3 spell: Tukima's Dance
  3702 | D:5      | Entered Level 5 of the Dungeon
  3822 | D:5      | Reached skill level 6 in Spellcasting
  3896 | D:5      | Found a hazy altar of Hepliaklqana.
  4045 | D:5      | Reached XP level 8. HP: 33/50 MP: 0/0
  4170 | D:5      | Found a glowing silver altar of Zin.
  4614 | D:5      | Reached skill level 1 in Armour
  4680 | D:6      | Noticed Menkaure
  4682 | D:6      | Killed Menkaure
  4683 | D:6      | Reached skill level 7 in Spellcasting
  5085 | D:6      | You are sucked into a shaft and drop 1 floor!
  5142 | D:7      | Found a white marble altar of Elyvilon.
  5153 | D:7      | Became a worshipper of Elyvilon the Healer
  5250 | D:7      | Reached XP level 9. HP: 34/55 MP: 0/0
  5250 | D:7      | Learned a level 4 spell: Dispel Undead
  5251 | D:7      | Reached skill level 1 in Shields
  5259 | D:7      | Reached skill level 8 in Spellcasting
  5774 | D:6      | Found a staircase to the Ecumenical Temple.
  5786 | Temple   | Entered the Ecumenical Temple
  5840 | Temple   | Fell from the grace of Elyvilon
  5840 | Temple   | Became a worshipper of Ru the Awakened
  7222 | D:8      | Noticed Prince Ribbit
  7229 | D:8      | Killed Prince Ribbit
  7240 | D:8      | Reached skill level 9 in Spellcasting
  7602 | Temple   | Fell from the grace of Ru
  7602 | Temple   | Became a worshipper of Gozag Ym Sagoz the Greedy
  7721 | D:8      | Reached XP level 10. HP: 25/60 MP: 0/0
  8401 | D:8      | Reached skill level 10 in Spellcasting
  9334 | D:9      | Identified the +5 falchion "Hycapifu" {flame, rC+}
  9398 | D:9      | Found Pakk's Assorted Antiques.
  9403 | D:9      | Bought a faintly humming robe for 142 gold pieces
  9403 | D:9      | Identified the +0 robe "Buvyic" {Dex+3} (You bought it in a
                  | shop on level 9 of the Dungeon)
 10263 | D:10     | Entered Level 10 of the Dungeon
 10431 | D:10     | Identified the +1 rapier "Plog" {speed, rElec rN++ Str+3}
 10533 | D:9      | Bought a scroll labelled PAOS MYEPREPA for 25 gold pieces
 10533 | D:9      | Bought a scroll labelled SAEZENOMURGH for 25 gold pieces
 10533 | D:9      | Bought a scroll labelled EPRAOH XOZEA for 25 gold pieces
 10559 | D:10     | Reached skill level 11 in Spellcasting
 10735 | D:10     | Noticed a two-headed ogre
 10744 | D:10     | Reached XP level 11. HP: 5/65 MP: 0/0
 10744 | D:10     | Learned a level 5 spell: Fireball
 11032 | D:11     | Noticed a boulder beetle
 11095 | D:11     | Killed a boulder beetle
 11138 | D:11     | Reached skill level 12 in Spellcasting
 11304 | D:11     | Noticed a cyclops
 11321 | D:11     | Killed a cyclops
 11330 | D:11     | Noticed a two-headed ogre
 11339 | D:11     | Killed a two-headed ogre
 11439 | D:11     | Killed from afar by an orc priest

Illustrated notes

Levels and vault maps discovered:
D:1:      minmay_arrival_shattered_statue, layout_loops_ring,
          palyth_stone_intersect, st_stairs_6
D:2:      wander_river, layout_basic,
          dreamdust_ecumenical_altar_angels_and_demons,
          grunt_decor_mini_mirrors, kennysheep_generic_room_8,
          uniq_crazy_yiuf_cottage
D:3:      kennysheep_slugbush, layout_basic, portal_sewer_entry_b
D:4:      layout_loops_ring, serial_park_tiny_pond
D:5:      layout_gridville, nicolae_overflow_crystal_walls, zin_treasury
D:6:      layout_basic, minmay_temple_entry_overgrown, nicolae_lava_and_water,
          uniq_menkaure
D:7:      layout_loops_ring, elyvilon_altar_1, small_statue_intersection,
          grunt_ogre_cave
D:8:      layout_basic, special_room [special_room_orc],
          minmay_stone_trees_medium, uniq_prince_ribbit1
D:9:      layout_basic, serial_shops, kennysheep_little_box
D:10:     layout_rooms, erik_lair_orcish_takeover, nicolae_trove_entry_diagonal
D:11:     layout_roguey, special_room [special_room_orc],
          portal_ice_cave_entry_animals_and_master, uniq_psyche
Temple:   hellmonk_temple_of_storms

Skill      XL: |  1  2  3  4  5  6  7  8  9 10 11 |
---------------+----------------------------------+-----
Spellcasting   | 3 4 5 6 7 9 11 12 | 12.5
Throwing       | 1 |  1.0
Armour         | 2 3 4 |  4.0
Shields        | 2 3 |  3.0
Dodging        | 3 |  3.1
Stealth        | 2 |  2.0
Fighting       | |  0.2

Action                     |  1- 3 |  4- 6 |  7- 9 | 10-12 || total
---------------------------+-------+-------+-------+-------++-------
  Melee: Dagger            |     1 |     1 |     3 |     3 ||     8
         Rapier            |       |       |       |     1 ||     1
   Cast: Foxfire           |    43 |    45 |    35 |    42 ||   165
         Scorch            |    12 |    24 |    72 |    47 ||   155
         Flame Wave        |       |     3 |     4 |     8 ||    15
         Volatile Blastmot |       |     5 |    77 |    88 ||   170
         Tukima's Dance    |       |       |     5 |     5 ||    10
         Fireball          |       |       |       |     5 ||     5
 Invoke: Potion Petition   |       |       |       |     1 ||     1
    Use: Scroll            |       |       |       |    10 ||    10
         Potion            |       |       |       |     3 ||     3
 Armour: Robe              |       |    10 |       |       ||    10
         Leather armour    |       |       |    10 |    21 ||    31
  Dodge: Dodged            |     3 |    15 |    24 |    33 ||    75
  Block: Buckler           |       |       |     6 |    18 ||    24
